 Dungeon Crawl Stone Soup version 0.29.1-15-g9cfb28693d (webtiles) character file.

Game seed: 12478421236384953073

35 sentinel the Digger (level 3, -1/26 HPs)
             Began as a Meteoran Earth Elementalist on Aug 19, 2023.
             Slain by an ogre
             ... wielding a +0 giant spiked club
              (27 damage)
             ... on level 4 of the Dungeon on Aug 20, 2023.
             The game lasted 00:02:16 (406 turns).

sentinel the Digger (Meteoran Earth Elementalist)    Turns: 406, Time: 00:02:17

Health: -1/26      AC:  2    Str:  9    XL:     3   Next: 79%
Magic:  7/8        EV: 12    Int: 18    God:
Gold:   0          SH:  0    Dex: 15    Spells: 1/7 levels left

rFire   . . .      SeeInvis .   (no weapon)
rCold   . . .      Faith    .   (no shield)
rNeg    . . .      Spirit   .   a - +0 robe
rPois   .          Reflect  .   (no helmet)
rElec   .          Harm     .   (no cloak)
rCorr   .          Rampage  .   (no gloves)
Will    .....                   (no boots)
Stlth   +.........              (no amulet)
HPRegen 0.08/turn               (no ring)
MPRegen 0.11/turn               (no ring)

@: glowing
A: sense surroundings 1, otherworldly, glowing, explore regen
a: no special abilities


You were on level 4 of the Dungeon.
You visited 1 branch of the dungeon, and saw 4 of its levels.

Inventory:

Missiles
 c - 6 boomerangs
Armour
 a - a +0 robe (worn)
Wands
 P - a wand of paralysis (12)
Scrolls
 e - a scroll of amnesia {unknown}
 f - 2 scrolls of identify {unknown}
 h - a scroll of poison {unknown}
 i - a scroll of blinking {unknown}
Potions
 b - a potion of magic
 d - a potion of curing {unknown}
 g - a potion of mutation {unknown}


   Skills:
 - Level 2.4 Dodging
 - Level 1.4 Stealth
 - Level 2.6 Spellcasting
 - Level 1.2 Transmutations
 + Level 1.2 Ice Magic
 - Level 5.0 Earth Magic


You had one spell level left.
You knew the following spells:

 Your Spells              Type           Power      Damage    Failure   Level
a - Sandblast             Erth           40%        2d10      2%          1
b - Frozen Ramparts       Ice            12%        1d2       30%         3
j - Passwall              Tmut/Erth      10%        N/A       7%          2

Your spell library contained the following spells:

 Spells                   Type           Power      Damage    Failure   Level
 Freeze                   Ice            24%        1d5       11%         1
 Stone Arrow              Conj/Erth      22%        3d8       19%         3
 Petrify                  Tmut/Erth      13%        N/A       43%         4
 Hailstorm                Conj/Ice       4%         3d4       78%         4


Dungeon Overview and Level Annotations

Branches:
Dungeon (4/15) Zot: 1974
 Temple: D:4-7

Altars:
Ru


Innate Abilities, Weirdness & Mutations

You passively map a small area around you.
You are easily found by Zot.
You glow in the dark.
You regain HP and MP as you explore.


Message History

Found 9 gold pieces.
There is an open door here.
You open the door.
Found a stone staircase leading down.
There is an open door here.
There is an open door here.
(D) Dungeon
Where to? (? - help)
There is a stone staircase leading down here.
You climb downwards.
There is a stone staircase leading up here.
A goblin comes into view. It is wielding a +0 club.
The goblin shouts!
A goblin is nearby!
The blast of sand misses the goblin.
The blast of sand hits the goblin!
You kill the goblin!
A rat comes into view.
A ball python comes into view.
You can't see any susceptible monsters within range! (Use Z to cast anyway.)
The ball python hisses angrily.
The blast of sand hits the ball python.
You kill the ball python!
The blast of sand hits the rat!
You kill the rat!
You can't see any susceptible monsters within range! (Use Z to cast anyway.)
You can't see any susceptible monsters within range! (Use Z to cast anyway.)
Things that are here:
a +0 club; a goblin corpse A dart slug comes into view.
Found 27 gold pieces and a scroll labelled NEXTAD TAZAMA.
The dart slug launches a dart at you. The slug dart hits you.
You see here a ball python corpse.
The blast of sand hits the dart slug!
You kill the dart slug!
You can't see any susceptible monsters within range! (Use Z to cast anyway.)
You can't see any susceptible monsters within range! (Use Z to cast anyway.)
Found 5 stones.
You see here a dart slug corpse.
h - a scroll labelled NEXTAD TAZAMA
Found a leather armour.
Magic restored.
Found a sharpened gold wand.
A frilled lizard comes into view.
A frilled lizard is nearby!
A kobold comes into view. It is wielding a +0 short sword.
Found 5 gold pieces, a scroll labelled UCLEIR ZIXIRUT and 5 stones.
Found an escape hatch in the floor.
The kobold shouts!
A rat comes into view.
A rat comes into view.
A kobold comes into view. It is wielding a +0 short sword.
The blast of sand hits the frilled lizard!
You kill the frilled lizard!
The kobold shouts!
The kobold throws a stone.
The stone hits you but does no damage.
The kobold throws a stone.
The stone barely misses you.
The kobold throws a stone.
The stone hits you.
The blast of sand hits the rat!
You kill the rat!
A ball python comes into view.
The kobold throws a stone.
The stone hits you but does no damage.
Training target 5.0 for Earth Magic reached!
Your Earth Magic skill increases to level 5!
The blast of sand hits the kobold.
You kill the kobold!
The ball python hisses angrily.
The blast of sand hits the rat!
You kill the rat!
The blast of sand hits the kobold!
You kill the kobold!
The blast of sand hits the ball python!
You kill the ball python!
Your Ice Magic skill increases to level 1!
You can't see any susceptible monsters within range! (Use Z to cast anyway.)
You see here a rat corpse.
Unknown command.
P - a wand of paralysis (12) Magic restored.
Found a stone staircase leading down.
Found 4 gold pieces.
Found a stone staircase leading up.
Found a stone staircase leading down.
i - a scroll labelled UCLEIR ZIXIRUT What are your orders? t - Shout!
Orders for allies: a - Attack new target. r - Retreat! s - Stop attacking. g - Guard the area. f - Follow me.
Anything else - Cancel.
You shout for attention!
Found 5 stones.
Found an escape hatch in the ceiling.
There is a stone staircase leading up here.
You climb upwards.
Found 8 gold pieces.
There is a stone staircase leading down here.
What are your orders? t - Shout!
Orders for allies: a - Attack new target. r - Retreat! s - Stop attacking. g - Guard the area. f - Follow me.
Anything else - Cancel.
You shout for attention!
(D) Dungeon
Where to? (Enter - D:3, ? - help)
There is a stone staircase leading down here.
You climb downwards.
There is a stone staircase leading up here.
There is a stone staircase leading down here.
You open the door.
Found a sacrificial altar of Ru.
There is an open door here.
There is a stone staircase leading down here.
You climb downwards.
Found a quarterstaff.
There is a stone staircase leading up here.
A kobold comes into view. It is wielding a +0 short sword.
The kobold shouts!
You see here a +0 quarterstaff.
The blast of sand misses the kobold.
An orc comes into view. It is wielding a +0 short sword.
The blast of sand hits the kobold!
You kill the kobold!
The orc shouts!
A goblin comes into view. It is wielding a +0 dagger.
The goblin shouts!
Things that are here:
a +0 short sword; a kobold corpse The blast of sand hits the orc!
You kill the orc!
The blast of sand hits the goblin.
The goblin is severely wounded.
The blast of sand hits the goblin!
You kill the goblin!
An ogre comes into view. It is wielding a +0 giant spiked club.
The ogre shouts!
A kobold comes into view. It is wielding a +2 dagger of speed.
The ogre attacks as you move away! The ogre completely misses you.
There is a stone staircase leading up here.
Okay, then.
Okay, then.
Attack: -) Nothing wielded
Press: ? - help, Dir - move target, f - ogre
Aim: an ogre, wielding a +0 giant spiked club (about 27% to evade your hands)
Okay, then.
The ogre attacks as you move away!
The ogre hits you with a +0 giant spiked club!!
Ouch! That really hurt!
You die...

#.##.)......#*
......).....# * *
#.........# *
,..#.#...)...# ,
.........)..#
...##.......# ,
##......# * *
#.......# * * , ,,
,,#.....O@###+ *
#............#
.......K###........#
#...#.#.# #........#
, #. ,#....
#........# *
..##.*#........# ,
... ,.###+##..###
#.. ,*.# * ..# ,,#..
, K# ,


You could see an ogre and a kobold.

Vanquished Creatures
  2 dart slugs
  An orc (D:4)
  2 bats (D:1)
  An endoplasm (D:1)
  5 goblins
  2 hobgoblins (D:1)
  A quokka (D:1)
  7 ball pythons
  2 frilled lizards
  4 kobolds
  4 rats
31 creatures vanquished.

Vanquished Creatures (others)
  A plant (D:1)
1 creature vanquished.

Grand Total: 32 creatures vanquished

Notes
Turn   | Place    | Note
-------+----------+-------------------------------------------
     0 | D:1      | sentinel the Meteoran Earth Elementalist began the quest
                  | for the Orb.
     0 | D:1      | Reached XP level 1. HP: 14/14 MP: 5/5
    96 | D:1      | Reached skill level 4 in Earth Magic
    96 | D:1      | Reached XP level 2. HP: 20/20 MP: 3/6
   145 | D:1      | Reached XP level 3. HP: 21/26 MP: 1/8
   166 | D:1      | Learned a level 2 spell: Passwall
   170 | D:1      | Learned a level 3 spell: Frozen Ramparts
   342 | D:3      | Reached skill level 5 in Earth Magic
   346 | D:3      | Reached skill level 1 in Ice Magic
   378 | D:3      | Found a sacrificial altar of Ru.
   399 | D:4      | Noticed an ogre
   406 | D:4      | Slain by an ogre

Illustrated notes

Levels and vault maps discovered:
D:1:      zelgadis_glass_arrival_small, layout_basic,
          dreamdust_ecumenical_altar_hidden_monk_grotto,
          minmay_shallow_snake_nest
D:2:      layout_loops_corners
D:3:      layout_rooms, lemuel_doored_altar, mainiacjoe_overflow_paths
D:4:      nicolae_cairo_tiling_large_dashed, layout_basic

Skill      XL: |  1  2  3 |
---------------+----------+-----
Earth Magic    | 4 5 |  5.0
Ice Magic      | 1 |  1.2
Dodging        | |  2.4
Stealth        | |  1.4
Spellcasting   | |  2.6
Transmutations | |  1.2

Action                   || total
-------------------------++-------
 Cast: Sandblast         ||    39
Armor: Robe              ||     5
Dodge: Dodged            ||    10
